 Dungeon Crawl Stone Soup version 0.20.1-1-g8b1a95d (webtiles) character file.

116 slep the Skirmisher (level 4, -1/55 HPs)
             Began as a Demonspawn Abyssal Knight on Oct 28, 2017.
             Was a Believer of Lugonu.
             Slain by a killer bee (5 damage)
             ... on level 3 of the Dungeon.
             The game lasted 00:10:12 (1994 turns).

slep the Skirmisher (Demonspawn Abyssal Knight)     Turns: 1994, Time: 00:10:12

Health: -1/55      AC:  4    Str: 17    XL:     4   Next: 69%
Magic:  0/6        EV: 10    Int: 19    God:    Lugonu [**....]
Gold:   78         SH:  2    Dex:  9    Spells: 3/3 levels left

rFire    . . .     SeeInvis .   a - +1 falchion
rCold    . . .     Gourm    .   f - +0 buckler
rNeg     . . .     Faith    .   b - +0 leather armour
rPois    .         Spirit   +   (no helmet)
rElec    .         Reflect  .   (no cloak)
rCorr    .         Harm     .   (no gloves)
MR       .....                  n - +0 pair of boots (curse)
Stlth    ..........             (no amulet)
Regen    0.2/turn               i - -4 ring of dexterity (curse)
MPRegen  0.1/turn               (no ring)

@: brilliant, berserking, lethally poisoned (-1 -> -4), very quick
A: demonic guardian 1, magic shield
a: Depart the Abyss, Bend Space, Renounce Religion


You were on level 3 of the Dungeon.
You worshipped Lugonu.
Lugonu was pleased with you.
You were not hungry.

You visited 1 branch of the dungeon, and saw 3 of its levels.
You visited the Abyss 1 time.

You collected 78 gold pieces.

Inventory:

Hand Weapons
 a - a +1 falchion (weapon)
Armour
 b - a +0 leather armour (worn)
 f - a +0 buckler (worn)
 n - a cursed +0 pair of boots (worn)
Jewellery
 i - a cursed -4 ring of dexterity (left hand)
 o - an uncursed ring of ice
Scrolls
 e - 2 scrolls of identify {unknown}
 h - 4 scrolls of remove curse {unknown}
 k - a scroll of immolation {unknown}
Potions
 l - a potion of curing
 m - a potion of brilliance
Comestibles
 c - 3 bread rations
 g - 4 meat rations
 j - 5 chunks of flesh


   Skills:
 + Level 3.8 Fighting
 + Level 3.1 Long Blades
 + Level 2.5 Armour
 + Level 1.1 Dodging
 + Level 0.2 Stealth
 + Level 2.7 Invocations


You had 3 spell levels left.
You didn't know any spells.

Dungeon Overview and Level Annotations

Branches:
Dungeon (3/15)

Altars:


Innate Abilities, Weirdness & Mutations

A weak demonic guardian rushes to your aid.
When hurt, damage is shared between your health and your magic reserves.


Message History

You feel a strong urge to attack something.
You feel sick.
You miss the killer bee. The killer bee stings you.
* * * LOW HITPOINT WARNING * * *
You miss the killer bee.
You feel sick. The killer bee stings you.
* * * LOW HITPOINT WARNING * * *
You hit the killer bee.
The killer bee is moderately wounded.
The killer bee stings you but does no damage.
The killer bee completely misses you.
You hit the killer bee.
The killer bee is severely wounded.
* * * LOW HITPOINT WARNING * * *
You feel sick. The killer bee closely misses you.
Your ufetubus hits the killer bee. Your ufetubus misses the killer bee.
You closely miss the killer bee.
The killer bee is almost dead.
The killer bee closely misses your ufetubus.
The killer bee stings you.
You die...

###...†#####.....#
......!.# ##.....#
###.....# #......#
#.$...# #.y....#
#.########y######
## #yy..# #y####
##y# ##@5# ###..##
+...#####
##...)...#
#...)....#
#........####
#...........#
#........##.#
##.......# ..#


You could see 4 killer bees and a friendly ufetubus.

Vanquished Creatures
  5 adders
  2 oozes
  5 worms
  2 dart slugs
  2 leopard geckos
  2 bats (D:1)
  A giant cockroach (D:1)
  2 goblins (D:1)
  4 hobgoblins
  11 kobolds
  A ball python (D:1)
  4 frilled lizards
  6 rats
47 creatures vanquished.

Notes
Turn   | Place    | Note
-------+----------+-------------------------------------------
     0 | Abyss:1  | slep the Demonspawn Abyssal Knight began the quest for the Orb.
     0 | Abyss:1  | Reached XP level 1. HP: 18/18 MP: 2/2
   123 | Abyss:1  | Noticed a white very ugly thing
   156 | Abyss:1  | Noticed a large abomination
   165 | D:1      | Escaped the Abyss
   205 | D:1      | Gained mutation: When hurt, damage is shared between your health and your magic reserves. [demonic ancestry]
   205 | D:1      | Reached XP level 2. HP: 20/24 MP: 3/3
   215 | D:1      | Reached * piety under Lugonu
   413 | D:1      | Reached skill level 1 in Dodging
   941 | D:2      | Reached XP level 3. HP: 19/29 MP: 3/5
  1462 | D:2      | Gained mutation: A weak demonic guardian rushes to your aid. [demonic ancestry]
  1462 | D:2      | Reached XP level 4. HP: 21/37 MP: 6/6
  1846 | D:3      | Reached ** piety under Lugonu
  1994 | D:3      | Slain by a killer bee

Skill      XL: |  1  2  3  4 |
---------------+-------------+-----
Armour         | 2 |  2.5
Long Blades    | 2 3 |  3.1
Dodging        | 1 |  1.1
Fighting       | |  3.8
Stealth        | |  0.2
Invocations    | |  2.7

Action                   |  1- 3 |  4- 6 || total
-------------------------+-------+-------++-------
Melee: Falchion          |   104 |    65 ||   169
Invok: Depart the Abyss  |     1 |       ||     1
  Use: Potion            |       |     3 ||     3
  Eat: Chunk             |     2 |     2 ||     4
Armor: Leather armour    |    27 |    10 ||    37
Dodge: Dodged            |    54 |    35 ||    89
Block: Buckler           |     3 |     6 ||     9
       Rpst.: Falchion   |    18 |    13 ||    31
